 Dungeon Crawl Stone Soup version 0.29-a0-477-g62b78b4225 (webtiles) character file.

Game seed: 6054859183433843108

25363 Bruhh the Frost Mage (level 13, -3/98 HPs)
             Began as a Gnoll Ice Elementalist on May 25, 2022.
             Was a Priest of Vehumet.
             Slain by a vampire (11 damage)
             ... on level 10 of the Dungeon.
             The game lasted 00:21:35 (13899 turns).

Bruhh the Frost Mage (Gnoll Ice Elementalist)      Turns: 13899, Time: 00:21:37

Health: -3/98      AC:  5    Str:  8    XL:     13   Next: 19%
Magic:  13/26      EV: 13    Int: 19    God:    Vehumet [***...]
Gold:   783        SH: 10    Dex: 13    Spells: 0/30 levels left

rFire   . . .      SeeInvis .   F - +1 war axe (venom)
rCold   . . .      Faith    .   L - +0 kite shield
rNeg    . . .      Spirit   .   M - +0 troll leather armour
rPois   .          Reflect  .   (no helmet)
rElec   .          Harm     .   (no cloak)
rCorr   .          Rampage  .   (no gloves)
Will    .....                   (no boots)
Stlth   ++++......              (no amulet)
HPRegen 1.06/turn               E - ring of flight
MPRegen 0.20/turn               (no ring)

@: flying, very slightly contaminated
A: fangs 1, strong nose, distributed training
a: Renounce Religion


You were on level 10 of the Dungeon.
You worshipped Vehumet.
Vehumet was most pleased with you.
You visited 2 branches of the dungeon, and saw 11 of its levels.
You also visited: Bailey.

You collected 783 gold pieces.

Inventory:

Hand Weapons
 o - a +2 whip of protection
 F - a +1 war axe of venom (weapon)
Missiles
 y - 2 throwing nets
Armour
 a - a +1 robe
 d - a +1 hat
 L - a +0 kite shield (worn)
 M - a +0 troll leather armour (worn)
Jewellery
 g - a ring of willpower
 A - a +6 ring of dexterity
 E - a ring of flight (left hand)
Wands
 l - a wand of polymorph (11)
 w - a wand of digging (2)
 B - a wand of acid (3)
 J - a wand of charming (7)
Scrolls
 f - 5 scrolls of teleportation
 h - a scroll of poison
 i - a scroll of vulnerability
 m - a scroll of magic mapping
 n - 2 scrolls of fog
 p - 2 scrolls of torment {unknown}
 q - a scroll of enchant armour
 s - a scroll of fear {unknown}
 t - a scroll of immolation
 u - 5 scrolls of brand weapon
 C - 2 scrolls of noise {unknown}
 G - a scroll of enchant weapon {unknown}
 H - 2 scrolls of summoning {unknown}
 I - 2 scrolls of identify
Potions
 b - a potion of magic
 c - a potion of might {unknown}
 e - a potion of berserk rage {unknown}
 j - 4 potions of attraction
 k - a potion of flight
 r - 2 potions of mutation {unknown}
 v - 3 potions of degeneration
 x - 2 potions of haste {unknown}
 z - 2 potions of lignification
 D - 2 potions of curing {unknown}
 K - 2 potions of brilliance {unknown}


   Skills:
 + Level 7.8 Fighting
 + Level 7.8 Short Blades
 + Level 7.8 Long Blades
 + Level 7.8 Axes
 + Level 7.8 Maces & Flails
 + Level 7.8 Polearms
 + Level 7.8 Staves
 + Level 7.8 Slings
 + Level 7.8 Bows
 + Level 7.8 Crossbows
 + Level 7.8 Throwing
 + Level 7.8 Armour
 + Level 9.1 Dodging
 + Level 9.0 Stealth
 + Level 7.8 Shields
 + Level 7.8 Unarmed Combat
 + Level 9.4 Spellcasting
 + Level 6.5 Conjurations
 + Level 6.5 Hexes
 + Level 6.5 Summonings
 + Level 6.5 Necromancy
 + Level 6.5 Translocations
 + Level 6.5 Transmutations
 + Level 6.5 Fire Magic
 + Level 9.7 Ice Magic
 + Level 6.5 Air Magic
 + Level 6.5 Earth Magic
 + Level 6.5 Poison Magic
 + Level 8.6 Invocations
 + Level 7.8 Evocations


You couldn't memorise any spells.
You knew the following spells:

 Your Spells              Type           Power      Damage    Failure   Level
a - Olgreb's Toxic Radia  Pois           33%        N/A       5%          4
b - Frozen Ramparts       Ice            92%        1d11      1%          3
c - Ozocubu's Armour      Ice            46%        N/A       1%          3
d - Sandblast             Erth           66%        2d15      1%          1
e - Mephitic Cloud        Conj/Pois/Air  33%        N/A       1%          3
f - Ignite Poison         Fire/Tmut/Pois 33%        N/A       1%          3
g - Ice Form              Ice/Tmut       39%        N/A       10%         4
h - Freezing Cloud        Conj/Ice/Air   18%        6-21      9%          5
i - Summon Lightning Spi  Summ/Air       33%        N/A       19%         4

Your spell library contained the following spells:

 Spells                   Type           Power      Damage    Failure   Level
 Foxfire                  Conj/Fire      100%       2x1d9     1%          1
 Freeze                   Ice            100%       1d11      1%          1
 Necrotize                Necr           100%       1d9       1%          1
 Ensorcelled Hibernation  Hex/Ice        78%        N/A       1%          2
 Conjure Flame            Conj/Fire      33%        6-21      1%          3
 Inner Flame              Hex/Fire       33%        N/A       1%          3
 Stone Arrow              Conj/Erth      66%        3d11      1%          3
 Blink                    Tloc           66%        N/A       2%          2
 Passwall                 Tmut/Erth      27%        N/A       2%          2
 Hailstorm                Conj/Ice       39%        3d9       2%          4
 Lesser Beckoning         Tloc           33%        N/A       5%          3
 Swiftness                Air            33%        N/A       5%          3
 Vampiric Draining        Necr           33%        2d8       5%          3
 Airstrike                Air            16%        N/A       5%          4
 Flame Wave               Conj/Fire      33%        2d8       5%          4
 Summon Ice Beast         Ice/Summ       39%        N/A       10%         4
 Lightning Bolt           Conj/Air       16%        1d30      13%         5
 Agony                    Necr           33%        N/A       45%         5
 Manifold Assault         Tloc           33%        N/A       45%         5


Dungeon Overview and Level Annotations

Branches:
Dungeon (10/15)            Temple (1/1) D:6             Orc (0/2) D:10
 Bailey (visited)
   Lair: D:8-11

Altars:
Ashenzari
Cheibriados
Dithmenos
Elyvilon
Fedhas
Gozag
Hepliaklqana
Kikubaaqudgha
Makhleb
Nemelex Xobeh
Okawaru
Qazlal
Ru
Sif Muna
Trog
Uskayaw
Vehumet
Wu Jian
Xom
Yredelemnul
Zin
The Shining One

Annotations:
D:4 Menkaure
D:6 exclusion: oklob plant
D:9 6 transporters
D:10 1 runed translucent door, Heedrag's ghost, journeyman DECj


Innate Abilities, Weirdness & Mutations

You have very sharp teeth.
Your uncanny sense of smell can sniff out nearby items.
Your experience applies equally to all skills.


Message History

An electric hum fills the air.
The vampire barely misses you. The vampire closely misses you.
Your lightning spire shoots out a bolt of lightning at the vampire!
The bolt of electricity hits the vampire!
You hit the vampire.
The vampire is moderately damaged.
The vampire hits you but does no damage.
The vampire bites you but does no damage.
The vampire hits you! You block the vampire's attack.
You closely miss the vampire.
The vampire is moderately damaged.
Your lightning spire shoots out a bolt of lightning at the vampire!
The bolt of electricity hits the vampire!
You slash the vampire! You bite the vampire, but do no damage.
The vampire is almost destroyed.
The vampire draws life force from you!
The vampire is healed by the life force!
You closely miss the vampire. You bite the vampire, but do no damage.
The vampire is severely damaged.
The vampire mumbles some strange words.
The vampire flickers and vanishes!
Deactivating autopickup; reactivate with Ctrl-A.
No target in view!
No target in view!
Something draws life force from you!
You closely miss something. Something hits you but does no damage.
Something bites you.
Something draws strength from your injuries!
Something hits you. Something bites you!
Something draws strength from your injuries!
You closely miss something. Your bite misses something. Something hits you.
Something bites you but does no damage.
You slash something! Something draws life force from you!
You hit something but do no damage. You bite something. Something hits you!
* * * LOW HITPOINT WARNING * * *
Something bites you!
* * * LOW HITPOINT WARNING * * *
Something draws strength from your injuries!
Something hits you!
You die...

.###.# #.# #.#
.# #.# #+# #.#
.# #.# #.#
####.# #.# ##
.....#∆
#.##.##
.####.. .
##.#...##
....+ ...
+.......#
.####
.....##.#...##
##
.....8{@...##
# ....###.##.#
.. #.# .# #..
. ... .# ....
##.. #.#


You could see a friendly lightning spire (summoned).

Vanquished Creatures
  An orc warlord (Bailey)
  A two-headed ogre (D:7)
  An orc knight (Bailey)
  Joseph (D:7)
  A kobold demonologist (D:10)
  A troll (D:10)
  3 hornets
  Prince Ribbit (D:7)
  Sigmund (D:5)
  A vampire (D:8)
  2 wyverns
  15 yaks
  Edmund (D:5)
  2 steam dragons
  A warg (D:10)
  2 acid dragons
  2 water moccasins
  14 orc warriors
  2 ice beasts (D:7)
  2 sky beasts (D:8)
  3 ogres
  A phantom (D:6)
  A centaur (D:9)
  2 kobold brigands
  6 bullfrogs
  4 scorpions
  2 necrophages
  9 killer bees
  A howler monkey (D:10)
  A jelly (D:4)
  2 hounds
  6 orc priests
  A gnoll shaman (D:10)
  Jessica (D:3)
  3 iguanas
  Ijyb (D:4)
  6 orc wizards
  11 gnolls
  6 adders
  A shadow imp (D:6)
  A white imp (D:5)
  3 worms
  3 dart slugs
  43 orcs
  3 endoplasms
  2 giant cockroaches
  16 goblins
  14 hobgoblins
  4 jackals (D:2)
  9 quokkas
  10 ball pythons
  5 bats
  9 frilled lizards
  14 kobolds
  10 rats
269 creatures vanquished.

Vanquished Creatures (collateral kills)
  A yak (D:9)
  An orc (D:9)
2 creatures vanquished.

Grand Total: 271 creatures vanquished

Notes
Turn   | Place    | Note
-------+----------+-------------------------------------------
     0 | D:1      | Bruhh the Gnoll Ice Elementalist began the quest for the
                  | Orb.
     0 | D:1      | Reached XP level 1. HP: 13/13 MP: 6/6
   201 | D:1      | Reached XP level 2. HP: 13/19 MP: 3/7
   871 | D:1      | Reached XP level 3. HP: 25/25 MP: 9/9
   982 | D:1      | Reached skill level 5 in Spellcasting
  1501 | D:2      | Reached skill level 1 in Invocations
  1650 | D:2      | Reached skill level 1 in Fighting
  1650 | D:2      | Reached skill level 1 in Short Blades
  1650 | D:2      | Reached skill level 1 in Long Blades
  1650 | D:2      | Reached skill level 1 in Axes
  1650 | D:2      | Reached skill level 1 in Maces & Flails
  1650 | D:2      | Reached skill level 1 in Polearms
  1650 | D:2      | Reached skill level 1 in Staves
  1650 | D:2      | Reached skill level 1 in Slings
  1650 | D:2      | Reached skill level 1 in Bows
  1650 | D:2      | Reached skill level 1 in Crossbows
  1650 | D:2      | Reached skill level 1 in Throwing
  1650 | D:2      | Reached skill level 1 in Armour
  1650 | D:2      | Reached skill level 1 in Shields
  1650 | D:2      | Reached skill level 1 in Unarmed Combat
  1650 | D:2      | Reached skill level 1 in Evocations
  1650 | D:2      | Reached XP level 4. HP: 25/32 MP: 9/11
  1776 | D:2      | Learned a level 3 spell: Frozen Ramparts
  1780 | D:2      | Learned a level 3 spell: Ozocubu's Armour
  2434 | D:3      | Reached skill level 1 in Conjurations
  2434 | D:3      | Reached skill level 1 in Hexes
  2434 | D:3      | Reached skill level 1 in Summonings
  2434 | D:3      | Reached skill level 1 in Necromancy
  2434 | D:3      | Reached skill level 1 in Translocations
  2434 | D:3      | Reached skill level 1 in Transmutations
  2434 | D:3      | Reached skill level 1 in Fire Magic
  2434 | D:3      | Reached skill level 1 in Air Magic
  2434 | D:3      | Reached skill level 1 in Earth Magic
  2434 | D:3      | Reached skill level 1 in Poison Magic
  2437 | D:3      | Reached XP level 5. HP: 37/37 MP: 5/12
  3032 | D:3      | Found a faded altar of an unknown god.
  3347 | D:3      | Noticed Jessica
  3352 | D:3      | Killed Jessica
  3353 | D:3      | Reached XP level 6. HP: 42/44 MP: 11/13
  3557 | D:4      | Noticed Ijyb
  3563 | D:4      | Killed Ijyb
  4054 | D:4      | Reached skill level 5 in Dodging
  4201 | D:4      | Noticed Menkaure
  4233 | D:5      | Entered Level 5 of the Dungeon
  4297 | D:4      | Reached XP level 7. HP: 25/49 MP: 3/15
  4598 | D:5      | Reached skill level 5 in Stealth
  4834 | D:5      | Learned a level 1 spell: Sandblast
  5115 | D:5      | Noticed Sigmund
  5132 | D:5      | Killed Sigmund
  5133 | D:5      | Reached XP level 8. HP: 58/58 MP: 10/16
  5186 | D:5      | Noticed Edmund
  5196 | D:5      | Killed Edmund
  5515 | D:5      | Learned a level 3 spell: Mephitic Cloud
  5519 | D:5      | Learned a level 3 spell: Ignite Poison
  5524 | D:5      | Learned a level 4 spell: Ice Form
  5556 | D:6      | Found a staircase to the Ecumenical Temple.
  5582 | Temple   | Entered the Ecumenical Temple
  5860 | Temple   | Became a worshipper of Vehumet
  6140 | D:6      | Found a blossoming altar of Fedhas.
  6152 | D:6      | Noticed an oklob plant
  6537 | D:6      | Found a hide-covered altar of Uskayaw.
  6546 | D:6      | Found a broken altar of Ashenzari.
  6598 | D:6      | Reached XP level 9. HP: 65/65 MP: 13/18
  7191 | D:7      | Noticed Prince Ribbit
  7197 | D:7      | Killed Prince Ribbit
  7282 | D:7      | Noticed Joseph
  7295 | D:7      | Killed Joseph
  7514 | D:7      | Noticed a hornet
  7523 | D:7      | Paralysed by a hornet for 1 turns
  7523 | D:7      | Killed a hornet
  7803 | D:7      | Reached skill level 5 in Invocations
  8072 | D:7      | Noticed a two-headed ogre
  8086 | D:7      | Killed a two-headed ogre
  8087 | D:7      | Reached XP level 10. HP: 73/73 MP: 5/20
  8569 | D:7      | Reached skill level 5 in Fighting
  8569 | D:7      | Reached skill level 5 in Short Blades
  8569 | D:7      | Reached skill level 5 in Long Blades
  8569 | D:7      | Reached skill level 5 in Axes
  8569 | D:7      | Reached skill level 5 in Maces & Flails
  8569 | D:7      | Reached skill level 5 in Polearms
  8569 | D:7      | Reached skill level 5 in Staves
  8569 | D:7      | Reached skill level 5 in Slings
  8569 | D:7      | Reached skill level 5 in Bows
  8569 | D:7      | Reached skill level 5 in Crossbows
  8569 | D:7      | Reached skill level 5 in Throwing
  8569 | D:7      | Reached skill level 5 in Armour
  8569 | D:7      | Reached skill level 5 in Shields
  8569 | D:7      | Reached skill level 5 in Unarmed Combat
  8569 | D:7      | Reached skill level 5 in Evocations
  8707 | D:8      | Found a flagged portal.
  8856 | Bailey   | Entered a bailey
  9292 | Bailey   | Reached * piety under Vehumet
  9292 | Bailey   | Offered knowledge of Magic Dart by Vehumet.
  9628 | Bailey   | Noticed an orc warlord
  9800 | Bailey   | Noticed an orc knight
  9823 | Bailey   | Killed an orc knight
  9823 | Bailey   | Reached ** piety under Vehumet
 10012 | Bailey   | Reached skill level 5 in Conjurations
 10012 | Bailey   | Reached skill level 5 in Hexes
 10012 | Bailey   | Reached skill level 5 in Summonings
 10012 | Bailey   | Reached skill level 5 in Necromancy
 10012 | Bailey   | Reached skill level 5 in Translocations
 10012 | Bailey   | Reached skill level 5 in Transmutations
 10012 | Bailey   | Reached skill level 5 in Fire Magic
 10012 | Bailey   | Reached skill level 5 in Air Magic
 10012 | Bailey   | Reached skill level 5 in Earth Magic
 10012 | Bailey   | Reached skill level 5 in Poison Magic
 10012 | Bailey   | Reached XP level 11. HP: 83/83 MP: 21/23
 10013 | Bailey   | Reached XP level 12. HP: 91/91 MP: 21/24
 10020 | Bailey   | Learned a level 5 spell: Freezing Cloud
 10080 | Bailey   | Killed an orc warlord
 10080 | Bailey   | Offered knowledge of Shock by Vehumet.
 11247 | D:8      | Learned a level 4 spell: Summon Lightning Spire
 11249 | D:9      | Offered knowledge of Static Discharge by Vehumet.
 11679 | D:9      | Found a transporter.
 11683 | D:9      | Found a transporter.
 11787 | D:9      | Reached XP level 13. HP: 69/96 MP: 21/26
 11789 | D:9      | Reached *** piety under Vehumet
 12537 | D:9      | Found a transporter.
 12539 | D:9      | Found a transporter.
 12599 | D:9      | Found a transporter.
 12602 | D:9      | Found a transporter.
 12785 | D:10     | Entered Level 10 of the Dungeon
 13051 | D:10     | Found a runed translucent door.
 13051 | D:10     | Found a shimmering altar of Xom.
 13051 | D:10     | Noticed Heedrag's ghost (journeyman DECj)
 13093 | D:10     | Found a staircase to the Orcish Mines.
 13111 | D:10     | Offered knowledge of Olgreb's Toxic Radiance by Vehumet.
 13293 | D:10     | Learned a level 4 spell: Olgreb's Toxic Radiance
 13899 | D:10     | Slain by a vampire

Illustrated notes

Levels and vault maps discovered:
D:1:      dpeg_arrival_concentric_ovals, layout_basic,
          kennysheep_decorative_pillar, minmay_rat_gold_closets
D:2:      layout_loops_cross, grunt_ministairs_8
D:3:      layout_loops_ring, hellmonk_ecumenical_altar_pennies_from_heaven,
          minmay_misc_feat_chi, wad_floor_pattern_1, uniq_jessica
D:4:      layout_loops_corners, serial_bayou_crossing, uniq_grinder, uniq_ijyb,
          uniq_menkaure
D:5:      nicolae_cairo_tiling_large_dashed, layout_gridville,
          sigmund_edmund_badplayer
D:6:      layout_basic, mainiacjoe_overflow_swirl, tgw_fedhas,
          minmay_temple_entry_stoned_glass, serial_glass, glass_columns_a,
          glass_columns_c, minmay_hedge_maze, bh_walls_and_bars
D:7:      layout_loops_ring, serial_rivers, chequers_serial_rivers_room_a,
          chequers_serial_rivers_small_b, chequers_serial_rivers_micro_b,
          chequers_serial_rivers_micro_a, uniq_prince_ribbit1, uniq_joseph
D:8:      layout_loops_ring, enter_bailey_2, minivault_14
D:9:      layout_irregular_city, serial_nicolae_subway,
          nicolae_sub_station_metal, nicolae_sub_station_crystal,
          nicolae_sub_station_stone
D:10:     layout_loops_corners, erik_orc_3, ebering_ghost_xom,
          dreamdust_gnoll_shepherd
Temple:   mainiacjoe_temple_bowtie_tessellation

Skill      XL: |  1  2  3  4  5  6  7  8  9 10 11 12 13 |
---------------+----------------------------------------+-----
Spellcasting   | 5 6 7 8 9 |  9.4
Invocations    | 1 2 3 4 5 7 8 |  8.6
Fighting       | 1 2 3 4 6 7 |  7.8
Short Blades   | 1 2 3 4 6 7 |  7.8
Long Blades    | 1 2 3 4 6 7 |  7.8
Axes           | 1 2 3 4 6 7 |  7.8
Maces & Flails | 1 2 3 4 6 7 |  7.8
Polearms       | 1 2 3 4 6 7 |  7.8
Staves         | 1 2 3 4 6 7 |  7.8
Slings         | 1 2 3 4 6 7 |  7.8
Bows           | 1 2 3 4 6 7 |  7.8
Crossbows      | 1 2 3 4 6 7 |  7.8
Throwing       | 1 2 3 4 6 7 |  7.8
Armour         | 1 2 3 4 6 7 |  7.8
Shields        | 1 2 3 4 6 7 |  7.8
Unarmed Combat | 1 2 3 4 6 7 |  7.8
Evocations     | 1 2 3 4 6 7 |  7.8
Conjurations   | 1 2 3 4 5 6 |  6.5
Hexes          | 1 2 3 4 5 6 |  6.5
Summonings     | 1 2 3 4 5 6 |  6.5
Necromancy     | 1 2 3 4 5 6 |  6.5
Translocations | 1 2 3 4 5 6 |  6.5
Transmutations | 1 2 3 4 5 6 |  6.5
Fire Magic     | 1 2 3 4 5 6 |  6.5
Air Magic      | 1 2 3 4 5 6 |  6.5
Earth Magic    | 1 2 3 4 5 6 |  6.5
Poison Magic   | 1 2 3 4 5 6 |  6.5
Dodging        | 5 6 8 9 |  9.1
Stealth        | 5 6 7 8 9 |  9.0
Ice Magic      | 8 9 |  9.7

Action                   |  1- 3 |  4- 6 |  7- 9 | 10-12 | 13-15 || total
-------------------------+-------+-------+-------+-------+-------++-------
Melee: Unarmed           |     9 |       |    65 |   186 |    33 ||   293
       Whip              |    21 |    27 |    29 |     2 |       ||    79
       Bite              |       |     6 |     4 |     7 |     4 ||    21
       Punch             |       |     1 |       |     1 |     2 ||     4
       War axe           |       |       |       |    30 |    40 ||    70
 Cast: Freeze            |    45 |    55 |    48 |       |       ||   148
       Frozen Ramparts   |       |     8 |     8 |     8 |     2 ||    26
       Ozocubu's Armour  |       |     4 |    10 |     9 |     2 ||    25
       Ice Form          |       |       |    10 |    23 |     6 ||    39
       Mephitic Cloud    |       |       |     2 |     4 |       ||     6
       Ignite Poison     |       |       |     2 |     3 |     2 ||     7
       Freezing Cloud    |       |       |       |     8 |     1 ||     9
       Summon Lightning  |       |       |       |     3 |     2 ||     5
       Olgreb's Toxic Ra |       |       |       |       |     4 ||     4
  Use: Potion            |       |     3 |     1 |     6 |       ||    10
       Scroll            |       |       |       |    11 |     1 ||    12
 Stab: Sleeping          |     1 |     2 |       |     2 |     6 ||    11
       Confused          |       |       |       |     1 |       ||     1
       Distracted        |       |       |       |     1 |       ||     1
Armor: Robe              |     7 |    10 |     8 |     9 |     2 ||    36
       Skin              |       |       |    22 |    68 |    13 ||   103
       Troll leather arm |       |       |       |       |     5 ||     5
Dodge: Dodged            |    38 |    49 |   102 |   121 |    47 ||   357
Block: Kite shield       |       |       |       |       |    11 ||    11

Table legend: (Time is in decaauts)
 A = Elapsed time spent in this place.
 B = Non-inter-level travel time spent in this place.
 C = Inter-level travel time spent in this place.
 D = Time resting spent in this place.
 E = Time spent auto-exploring this place.
 F = Levels seen in this place.
 G = Mean time per level.
                   A        B        C        D        E       F      G
               +--------+--------+--------+--------+--------+-----+--------+
         Total |  13895 |  13657 |    238 |    778 |  10770 |  12 | 1157.9 |
       Dungeon |  11926 |  11726 |    200 |    253 |   9720 |  10 | 1192.6 |
        Temple |    305 |    267 |     38 |      0 |    242 |   1 |  305.0 |
        Bailey |   1662 |   1662 |      0 |    525 |    808 |   1 | 1662.0 |
               +--------+--------+--------+--------+--------+-----+--------+

Top non-repeatable levels by time:
  Bailey: 1662 daAuts
     D:7: 1525 daAuts
     D:1: 1414 daAuts
     D:9: 1295 daAuts
     D:6: 1259 daAuts
     D:8: 1164 daAuts
     D:5: 1154 daAuts
     D:3: 1134 daAuts
    D:10: 1118 daAuts
     D:2: 985 daAuts
     D:4: 874 daAuts
  Temple: 305 daAuts
